 Dungeon Crawl Stone Soup version 0.20.1-1-g8b1a95d (webtiles) character file.

221 tidbits the Insei (level 5, 0/40 HPs)
             Began as a Demigod Transmuter on Aug 20, 2017.
             Slain by ThereIsNoGod's ghost (3 damage)
             ... on level 3 of the Dungeon.
             The game lasted 00:12:49 (1603 turns).

tidbits the Insei (Demigod Transmuter)              Turns: 1603, Time: 00:12:50

Health: 0/40       AC:  2    Str: 13    XL:     5   Next: 37%
Magic:  6/10       EV: 20    Int: 19    God:
Gold:   68         SH:  0    Dex: 21    Spells: 2/8 levels left

rFire    . . .     SeeInvis .     - Unarmed
rCold    . . .     Gourm    .   (shield currently unavailable)
rNeg     + . .     Faith    .   (armour currently unavailable)
rPois    x         Spirit   .   (helmet currently unavailable)
rElec    .         Reflect  .   (cloak currently unavailable)
rCorr    .         Harm     .   (gloves currently unavailable)
MR       .....                  (boots currently unavailable)
Stlth    ++........             (no amulet)
Regen    0.2/turn               n - ring of positive energy
MPRegen  0.2/turn               (no ring)

@: spider-form (expiring)
A: high mp 1
a: End Transformation


You were on level 3 of the Dungeon.
You were not hungry.
You were a venomous arachnid creature.
You visited 1 branch of the dungeon, and saw 4 of its levels.

You collected 68 gold pieces.

Inventory:

Missiles
 a - 82 arrows
Armour
 B - a +0 robe (melded)
 C - a scarf of repulsion (melded)
   (You found it on level 2 of the Dungeon)
Jewellery
 i - an uncursed ring of teleportation
   (You found it on level 2 of the Dungeon)
 n - a ring of positive energy (left front leg)
   (You found it on level 2 of the Dungeon)
Scrolls
 e - a scroll of enchant armour {unknown}
 f - a scroll of identify {unknown}
 g - a scroll of fog {unknown}
 h - 2 scrolls of remove curse
 j - a scroll of amnesia {unknown}
 l - a scroll of blinking {unknown}
 m - a scroll of immolation {unknown}
 q - a scroll of enchant weapon {unknown}
Potions
 k - 2 potions of brilliance
Books
 c - a book of Changes

   Spells                             Type                      Level
   a - Beastly Appendage              Transmutation                1
   b - Sticks to Snakes               Transmutation                2
   c - Spider Form                    Transmutation/Poison         3
   d - Ice Form                       Ice/Transmutation            4
   e - Blade Hands                    Transmutation                5
Comestibles
 b - a chunk of flesh
 d - 3 bread rations


   Skills:
 - Level 1.0 Fighting
 - Level 1.8 Dodging
 * Level 5.2 Unarmed Combat
 - Level 2.0 Spellcasting
 + Level 2.8 Transmutations


You had 2 spell levels left.
You knew the following spells:

 Your Spells              Type           Power        Failure   Level  Hunger
e - Beastly Appendage     Tmut           ##....       16%         1    #......
k - Sticks to Snakes      Tmut           ##......     21%         2    ###....
p - Spider Form           Tmut/Pois      #.........   50%         3    ###....


Dungeon Overview and Level Annotations

Branches:
Dungeon (4/15)
 Temple: D:4-7

Shops:
D:4 *

Annotations:
D:3 ThereIsNoGod's ghost, amateur SpEE
D:4 Natasha


Innate Abilities, Weirdness & Mutations

You have an increased reservoir of magic. (+10% MP)


Message History

You see here 30 stones.
Found a great sword.
You see here a great sword.
A hobgoblin comes into view.
Found a dagger.
The hobgoblin shouts!
Casting: Spider Form
Confirm with . or Enter, or press ? or * to list all spells.
You turn into a venomous arachnid creature.
Your scarf of repulsion melds into your body.
Your +0 robe melds into your body.
The haze of the repulsion field disappears.
You barely miss the hobgoblin. You hit the hobgoblin.
The hobgoblin is almost dead.
The hobgoblin hits you.
* * * LOW HITPOINT WARNING * * *
You hit the hobgoblin.
You kill the hobgoblin!
Found a scroll labeled FARAAJ WIYC.
Your transformation is almost over.
e - a scroll labeled FARAAJ WIYC Your transformation has ended.
Your scarf of repulsion unmelds from your body.
Your +0 robe unmelds from your body.
You are surrounded by a repulsion field.
Magic restored.
Found a scroll labeled XUKHLU HI POOSHRO.
j - a scroll labeled XUKHLU HI POOSHRO
Found 21 poisoned needles.
ThereIsNoGod's ghost (amateur Spriggan Earth Elementalist) comes into view.
Okay, then.
Press: ? - help, v - describe, . - travel
Here: ThereIsNoGod's ghost The floor.
Okay, then.
As you read the scroll of teleportation, it crumbles to dust.
You feel strangely unstable.
ThereIsNoGod's ghost whispers, "Soon you will have time, lots of time..."
ThereIsNoGod's ghost hits you.
* * * LOW HITPOINT WARNING * * *
ThereIsNoGod's ghost misses you.
ThereIsNoGod's ghost gestures at you while chanting.
The blast of sand misses you.
A leopard gecko comes into view.
Your surroundings suddenly seem different.
Found a scroll labeled QUOBAP LENUXT.
f - a scroll labeled QUOBAP LENUXT A bat comes into view.
ThereIsNoGod's ghost turns its malevolent gaze towards you.
Okay, then.
Okay, then.
Casting: Spider Form
Confirm with . or Enter, or press ? or * to list all spells.
You create a snake!
You now have 82 arrows.
Casting: Sticks to Snakes
Confirm with . or Enter, or press ? or * to list all spells.
You turn into a venomous arachnid creature.
Your scarf of repulsion melds into your body.
Your +0 robe melds into your body.
The haze of the repulsion field disappears.
Your ball python misses ThereIsNoGod's ghost.
ThereIsNoGod's ghost points at you and mumbles some strange words.
The blast of sand hits you!
* * * LOW HITPOINT WARNING * * *
You closely miss ThereIsNoGod's ghost. The bat closely misses you.
Your ball python bites ThereIsNoGod's ghost but does no damage.
ThereIsNoGod's ghost barely misses you.
You completely miss ThereIsNoGod's ghost.
The bat barely misses you.
Your ball python bites ThereIsNoGod's ghost but does no damage.
ThereIsNoGod's ghost hits you but does no damage.
The bat misses you.
Something barely misses your ball python.
Your ball python misses ThereIsNoGod's ghost.
Something bites your ball python.
Your ball python dies!
ThereIsNoGod's ghost gestures at you while chanting.
The blast of sand misses you. The bat hits you but does no damage.
ThereIsNoGod's ghost closely misses you.
The bat hits you.
* * * LOW HITPOINT WARNING * * *
The bat closely misses you.
You hit the bat.
You kill the bat!
Your transformation is almost over.
You bite the leopard gecko!
You kill the leopard gecko!
ThereIsNoGod's ghost hits you.
* * * LOW HITPOINT WARNING * * *
You bite ThereIsNoGod's ghost!
ThereIsNoGod's ghost is heavily damaged.
ThereIsNoGod's ghost gestures at you while chanting.
The blast of sand hits you!
* * * LOW HITPOINT WARNING * * *
You barely miss ThereIsNoGod's ghost.
ThereIsNoGod's ghost is heavily damaged.
ThereIsNoGod's ghost hits you.
You die...

###..#..#.####........##.#
....#..#................#
#.#.#..#.#...........####
###.#.#..#.#.################
#.....#..#.#.##.............#
#........#'#.##.###########.#
#.....<......##.#........##.#
#............##.########.##.#
###.#'#......Ws.# #.##.# #
#.#.#......#### #.##.# #
#.#.#.(....# #.##.# #
#.#.#......# #.##.# #
#.#.#..#'######## #.##.# #
#.(....#.###....#### #.##.# #
###.##.#[........... #.##.# #
####.##.#(###....###. #.##.#
####....##.#####....# #.##.#


You could see ThereIsNoGod's ghost.

Vanquished Creatures
  Eustachio (D:4)
  A worker ant (D:3)
  An adder (D:3)
  2 dart slugs
  A leopard gecko (D:3)
  4 goblins
  7 hobgoblins
  5 jackals (D:2)
  A quokka (D:2)
  A ball python (D:1)
  3 bats
  2 frilled lizards
  8 kobolds
  7 rats
44 creatures vanquished.

Vanquished Creatures (collateral kills)
  2 worms (D:2)
  3 jackals (D:2)
5 creatures vanquished.

Grand Total: 49 creatures vanquished

Notes
Turn   | Place    | Note
-------+----------+-------------------------------------------
     0 | D:1      | tidbits the Demigod Transmuter began the quest for the Orb.
     0 | D:1      | Reached XP level 1. HP: 15/15 MP: 5/5
    14 | D:1      | Reached skill level 1 in Fighting
    51 | D:1      | HP: 1/16 [kobold (1)]
    52 | D:1      | Reached skill level 3 in Unarmed Combat
   320 | D:1      | Reached XP level 2. HP: 4/23 MP: 7/7
   325 | D:1      | Learned a level 2 spell: Sticks to Snakes
   591 | D:2      | Found a shattered altar of Ashenzari.
   695 | D:2      | Reached XP level 3. HP: 23/28 MP: 3/8
   802 | D:1      | Reached skill level 2 in Spellcasting
   810 | D:1      | Learned a level 3 spell: Spider Form
  1031 | D:3      | Reached skill level 4 in Unarmed Combat
  1239 | D:4      | Noticed Eustachio
  1251 | D:4      | Found Teunne's Assorted Antiques.
  1259 | D:4      | Noticed Natasha
  1267 | D:4      | Killed Eustachio
  1267 | D:4      | Reached skill level 5 in Unarmed Combat
  1267 | D:4      | Reached skill level 2 in Transmutations
  1267 | D:4      | Reached XP level 4. HP: 24/35 MP: 1/9
  1267 | D:4      | Reached XP level 5. HP: 27/40 MP: 1/10
  1320 | D:3      | HP: 4/40 [poisoned by a worker ant]
  1325 | D:3      | HP: 4/40 [poisoned by a worker ant]
  1331 | D:3      | HP: 3/40 [poisoned by a worker ant]
  1337 | D:3      | HP: 3/40 [poisoned by a worker ant]
  1343 | D:3      | HP: 2/40 [poisoned by a worker ant]
  1545 | D:3      | Noticed ThereIsNoGod's ghost (amateur SpEE)
  1602 | D:3      | HP: 3/40 [ThereIsNoGod's ghost/blast of sand (11)]
  1603 | D:3      | Slain by ThereIsNoGod's ghost

Skill      XL: |  1  2  3 |
---------------+----------+-----
Fighting       | 1 |  1.0
Unarmed Combat | 3 5 |  5.2
Spellcasting   | 2 |  2.0
Transmutations | 2 |  2.8
Dodging        | |  1.8

Action                   |  1- 3 |  4- 6 || total
-------------------------+-------+-------++-------
Melee: Unarmed           |   119 |    13 ||   132
       Kick              |    13 |       ||    13
       Headbutt          |     4 |       ||     4
       Punch             |     1 |       ||     1
 Cast: Beastly Appendage |    26 |     1 ||    27
       Sticks to Snakes  |     9 |     2 ||    11
       Spider Form       |     5 |     3 ||     8
  Use: Scroll            |     1 |     2 ||     3
       Potion            |       |     4 ||     4
 Stab: Sleeping          |     1 |       ||     1
  Eat: Chunk             |     3 |       ||     3
       Royal jelly       |       |     1 ||     1
Armor: Robe              |    11 |     1 ||    12
       Skin              |     3 |     2 ||     5
Dodge: Dodged            |    81 |    18 ||    99

Table legend:
 A = Turns spent in this place as a percentage of turns spent in the entire game.
 B = Non-inter-level travel turns spent in this place as a percentage of non-inter-level travel turns spent in the entire game.
 C = Inter-level travel turns spent in this place as a percentage of turns spent in this place.
 D = Turns resting spent in this place as a percentage of non-inter-level travel turns spent in this place.
 E = Turns spent auto-exploring this place as a percentage of non-inter-level travel turns spent in this place.
 F = Non-inter-level travel turns spent in this place divided by the number of levels of this place that you've seen.
                   A       B       C       D       E      F
               +-------+-------+-------+-------+-------+----------------------
         Total | 100.0 | 100.0 |   0.0 |   0.0 |   0.0 | 362.0
       Dungeon | 100.0 | 100.0 |   0.0 |   0.0 |   0.0 | 362.0
               +-------+-------+-------+-------+-------+----------------------

Table legend:
 A = Kills in this place as a percentage of kills in entire the game.
 B = Kills by you in this place as a percentage of kills by you in the entire game.
 C = Kills by friends in this place as a percentage of kills by friends in the entire game.
 D = Other kills in this place as a percentage of other kills in the entire game.
 E = Experience gained in this place as a percentage of experience gained in the entire game.
 F = Experience gained in this place divided by the number of levels of this place that you have seen.
                   A       B       C       D       E      F
               +-------+-------+-------+-------+-------+----------------------
         Total | 100.0 | 100.0 | 100.0 |  -nan | 100.0 |  79.0
       Dungeon | 100.0 | 100.0 | 100.0 |  -nan | 100.0 |  79.0
               +-------+-------+-------+-------+-------+----------------------

Vault maps used:
D:1:      tarquinn_simple_flora_water_e, nrook_mini_vaults
D:2:      evilmike_ruin_ashenzari, first_bread, nicolae_dithmenos_shadow_blocks
D:3:      chequers_ecumenical_altar_simple_redux
D:4:      serial_shops, shop, uniq_eustachio, uniq_robin, uniq_natasha
